Cogmind - Beta 16.1 @@@ ROGUE MODE // 2026.03.28 @ 19:28:36 Player: Thqwib-Linux Result: Self-destructed Performance ------------- Evolutions (2) 1000 Regions Visited (5) 1000 Robots Destroyed (86) 430 Value Destroyed (1887) 1887 Prototype IDs (11) 220 Alien Tech Used (0) 0 Bonus (11) 11 TOTAL SCORE: 4548 Bonus ------- High Alert Combat Kills 11 Cogmind --------- Core Integrity 431/550 Matter 0/300 Energy 160/160 System Corruption 0% Temperature Cool (9) Movement Flying (29) Location -8/Materials Parts ------- > --- POWER (1) -------- Light Nuclear Core > --- PROPULSION (4) --- Flight Unit Flight Unit Flight Unit Cesium-ion Thruster > --- UTILITY (3) ------ System Shield > --- WEAPON (3) ------- Mini Grenade Launcher Mace > --- INVENTORY (5) ---- Light Nuclear Core Improved Signal Interpreter Improved Terrain Scanner Improved Terrain Scan Processor Light Assault Rifle Peak State ------------ > --- POWER ------------ Light Nuclear Core > --- PROPULSION ------- Flight Unit Flight Unit Flight Unit Improved Flight Unit > --- UTILITY ---------- Structural Scanner System Shield > --- WEAPON ----------- Light Assault Rifle Heavy Assault Rifle Advanced EMP Blaster > --- INVENTORY -------- Light Nuclear Core Flight Unit Improved Terrain Scanner Improved Terrain Scan Processor Mini Grenade Launcher [Rating: 21] Favorites ----------- Power Improved Ion Engine Engine Improved Ion Engine Power Core Light Nuclear Core Propulsion Improved Treads Treads Improved Treads Leg Aluminum Leg Flight Unit Flight Unit Utility Large Storage Unit Device Structural Scanner Storage Large Storage Unit Hackware System Shield Protection Light Armor Plating Weapon Heavy Assault Rifle Energy Gun Medium Laser Energy Cannon Beam Cannon Ballistic Gun Heavy Assault Rifle Launcher Mini Grenade Launcher Impact Weapon Mace Build | -11 -10 -10 -9 -9 -8 ------- Run | Yrd Mat Min Mat Min Mat Slots Evolved 4 | . . . 2 . 2 Power . | . . . . . . Propulsion 2 | . . . 1 . 1 Utility 1 | . . . . . 1 Weapon 1 | . . . 1 . . Parts Attached 39 | . 6 . 18 1 14 Power 2 | . . . 1 . 1 Engine 1 | . . . 1 . . Core 1 | . . . . . 1 Reactor . | . . . . . . Propulsion 16 | . 2 . 6 . 8 Treads 8 | . 2 . 6 . . Leg 1 | . . . . . 1 Wheel . | . . . . . . Hover . | . . . . . . Flight 7 | . . . . . 7 Utility 6 | . 1 . 4 . 1 Device 2 | . 1 . 1 . . Storage 1 | . . . 1 . . Processor . | . . . . . . Hackware 1 | . . . . . 1 Protection 2 | . . . 2 . . Artifact . | . . . . . . Weapon 15 | . 3 . 7 1 4 Energy Gun 1 | . 1 . . . . Energy Cannon 2 | . 1 . 1 . . Ballistic Gun 9 | . 1 . 6 . 2 Ballistic Cannon . | . . . . . . Launcher 2 | . . . . 1 1 Special Weapon . | . . . . . . Impact Weapon 1 | . . . . . 1 Slashing Weapon . | . . . . . . Piercing Weapon . | . . . . . . Special Melee Weapon . | . . . . . . Unidentified Prototypes 2 | . . . 1 . 1 Parts Lost 14 | . . . 1 1 12 Power 1 | . . . . . 1 Propulsion 6 | . . . . . 6 Utility 2 | . . . . 1 1 Weapon 5 | . . . 1 . 4 Highest Loss Streak 6 | . . . 1 1 6 To Critical Strikes . | . . . . . . Average Backups 10 | . 5 8 12 15 8 Power 1 | . 1 2 2 2 1 Propulsion 1 | . . . 2 5 2 Utility 3 | . 1 3 4 4 3 Weapon 3 | . 1 3 3 4 1 Tool/Special . | . . . . . . Unused Backups 19 | . 7 . 8 . 4 Power 6 | . 1 . 4 . 1 Propulsion 4 | . 4 . . . . Utility 7 | . 1 . 3 . 3 Weapon 2 | . 1 . 1 . . Tool/Special . | . . . . . . Average Slot Usage (%) 95 | . 97 100 97 98 72 Engine 11 | . 14 14 10 11 2 Treads 27 | . 25 28 31 33 6 Flight 1 | . . . . . 19 Device 7 | . 12 14 6 . 3 Storage 11 | . 14 14 11 11 4 Protection 2 | . . . 4 9 . Energy Gun 1 | . 9 . . . . Energy Cannon 9 | . 4 14 11 8 2 Ballistic Gun 18 | . 14 14 21 22 14 Peak Build Rating 21 | . 8 8 20 20 21 Average Rating 13 | . 7 8 16 19 16 On Entrance 11 | 6 6 8 8 20 19 Avg Prop Armor Cover (%) 7 | . . . 7 . . Naked Turns . | . . . . . . Heaviest Build 40 | 13 16 16 40 40 35 Greatest Support 69 | 20 40 40 69 69 69 Greatest Overweight (x) 8 | . . . . . 8 Average Overweight (x) . | . . . . . . Largest Inventory Capacity 15 | . 8 8 15 15 15 Average Capacity 11 | . 8 8 13 15 9 Most Carried 15 | . 8 8 15 15 15 Average Carried 10 | . 5 8 12 15 8 Final Capacity 15 | 8 8 8 15 15 5 Final Carried 15 | 6 8 8 15 15 5 Class Distribution -------------------- 37% | Mutant 26% | Tank 16% | Scavenger-Gunner 9% | Skirmisher 4% | Scavenger-Sprinter 4% | Gunner Dominant Class ---------------- Mutant | -10/Materials Mutant | -10/Mines Tank | -9/Materials Tank | -9/Mines Scavenger-Sprinter | -8/Materials Resources | -11 -10 -10 -9 -9 -8 ----------- Run | Yrd Mat Min Mat Min Mat Matter Collected 1169 | 200 148 11 611 . 199 Remotely . | . . . . . . Salvage Created 2472 | . 403 11 1506 24 528 Parts 179 | . 25 . 106 3 45 Haulers Intercepted 9 | . 2 . 6 . 1 Recyclers Shooed 4 | . 1 . 2 1 . Parts Field Recycled . | . . . . . . Retrieved Matter . | . . . . . . Parts Self-Destructed . | . . . . . . Prevented . | . . . . . . Parts Restored . | . . . . . . Kills | -11 -10 -10 -9 -9 -8 ------- Run | Yrd Mat Min Mat Min Mat Combat Hostiles Destroyed 61 | . 8 . 31 4 18 Guns 29 | . 7 . 17 2 3 Cannons 18 | . 1 . 14 . 3 AOE 13 | . . . . 2 11 Classes Destroyed 10 | . 4 1 3 1 1 Worker 4 | . . . 1 . 3 Tunneler 4 | . . 1 1 . 2 Hauler 9 | . 2 . 6 . 1 Recycler 1 | . . . 1 . . Watcher 7 | . 3 . 4 . . Swarmer 28 | . 3 . 14 3 8 Grunt 20 | . 5 . 9 . 6 Duelist 1 | . . . . . 1 Sentry 11 | . . . 8 . 3 Demolisher 1 | . . . . 1 . Best Kill Streak 11 | . 4 1 6 4 11 Combat Bots Only 9 | . 3 . 4 4 9 Max Kills in Single Turn 2 | . 1 1 2 2 2 Gunslinging . | . . . . . . Exploded 2 | . . . . 2 2 Melee . | . . . . . . Uniques/NPCs Destroyed . | . . . . . . Combat | -11 -10 -10 -9 -9 -8 -------- Run | Yrd Mat Min Mat Min Mat Hostile Shots Fired 223 | . 34 . 85 11 93 Missed 57 | . 6 . 19 2 30 Hits 166 | . 28 . 66 9 63 Melee 1 | . . . . . 1 Projectile 165 | . 28 . 66 9 62 AOE 8 | . . . . 8 . Critical Strikes 1 | . . . 1 . . Damage Taken 2547 | . 261 . 808 490 988 Core 316 | . 47 . 98 52 119 Absorbed by Shields . | . . . . . . Regen/Repaired (Parts) 131 | . 43 . 66 . 22 Core Remaining (%) 81 | 100 . 81 . 62 . Volleys Fired 172 | . 29 4 91 5 43 Largest 3 | . 2 2 3 3 3 Hottest 118 | . 80 80 114 76 118 Shots Fired 412 | . 58 8 258 12 76 Gun 283 | . 51 4 178 8 42 Cannon 103 | . 7 4 80 . 12 Launcher 26 | . . . . 4 22 Special . | . . . . . . Kinetic 261 | . 29 4 178 8 42 Thermal 125 | . 29 4 80 . 12 Explosive 26 | . . . . 4 22 Electromagnetic . | . . . . . . Robot Hit Streak 17 | . 9 2 17 7 11 Robot Miss Streak 4 | . 3 1 4 1 3 Penetration Max . | . . . . . . Secondary Targets 1 | . 1 . . . . Max Gunslinging Chain 1 | . 1 . . . . Shots Hit Robots 233 | . 35 4 147 8 39 Core Hits 134 | . 21 1 64 11 37 Critical Kills 1 | . . . . . 1 Critical Parts Destroyed . | . . . . . . Critical Strikes 2 | . 1 . . . 1 Burn 1 | . 1 . . . . Meltdown 1 | . . . . . 1 Melee Attacks 2 | . . . . . 2 Impact 2 | . . . . . 2 Slashing . | . . . . . . Piercing . | . . . . . . Sneak Attacks 1 | . . . . . 1 Combat Hostiles . | . . . . . . Follow-up Attacks . | . . . . . . Damage Inflicted 5232 | . 446 63 2392 257 2074 Guns 2071 | . 418 27 1219 85 322 Cannons 1393 | . 18 36 1148 . 191 Explosions 1595 | . . . . 140 1455 Melee 106 | . . . . . 106 Ramming 67 | . 10 . 25 32 . Kinetic 1864 | . 211 27 1219 85 322 Thermal 1672 | . 225 36 1148 . 263 Explosive 1523 | . . . . 140 1383 Electromagnetic . | . . . . . . Impact 106 | . . . . . 106 Slashing . | . . . . . . Piercing . | . . . . . . Highest Corruption . | . . . . . . Average Corruption . | . . . . . . Corruption Purged . | . . . . . . Corruption Blocked . | . . . . . . Overload Shots . | . . . . . . Overflow Damage 162 | . . . 3 . 159 Projectiles 3 | . . . 3 . . Explosions 104 | . . . . . 104 Melee 55 | . . . . . 55 Knockbacks . | . . . . . . Impact . | . . . . . . Kinetic . | . . . . . . Secondary . | . . . . . . Self-Inflicted Damage 273 | . . . . 99 174 Shots 7 | . . . . 3 4 Rammed 15 | . 2 . 9 4 . Targets Rammed 15 | . 2 . 9 4 . Kicked . | . . . . . . Crushed . | . . . . . . Highest Temperature 273 | . 137 36 273 21 177 Average Temperature 58 | . 37 16 69 11 42 Received Heat Transfer 582 | . 57 . 228 . 297 Effects 6 | . . . 6 . . Interference 6 | . . . 6 . . Siege Activations . | . . . . . . Martial Activations . | . . . . . . Shielding Activations . | . . . . . . Robots Disrupted . | . . . . . . Combat Hostiles . | . . . . . . Robots Corrupted . | . . . . . . Combat Hostiles . | . . . . . . Parts Fried . | . . . . . . Impact Corruptions 1 | . . . . . 1 Robots Melted 1 | . . . . . 1 Combat Hostiles 1 | . . . . . 1 Parts Melted 9 | . 1 . 4 . 4 Heat Transferred 3269 | . 703 74 2109 . 383 Parts Sabotaged . | . . . . . . Parts Stolen . | . . . . . . Parts Stripped . | . . . . . . Power Chain Reactions . | . . . . . . Alert | -11 -10 -10 -9 -9 -8 ------- Run | Yrd Mat Min Mat Min Mat Maximum Alert Level 2 | . . . 1 . 2 Low Security (%) 75 | . 100 100 63 100 37 Level 1 24 | . . . 36 . 53 Level 2 . | . . . . . 8 Level 3 . | . . . . . . Level 4 . | . . . . . . Level 5 . | . . . . . . High Security . | . . . . . . Max Security . | . . . . . . Peak Influence 475 | . 79 5 369 172 475 Initial 129 | . . 5 . 129 63 Average 108 | . 21 . 149 110 212 Influence Increases 2106 | . 321 5 984 123 673 Destroy 0b10 Robot/C 1220 | . 160 . 620 80 360 Destroy 0b10 Robot/NC 125 | . 25 5 65 . 30 Destroy Leader 302 | . 40 . 170 20 72 Successful Hack 87 | . 36 . 51 . . Disable Machine 90 | . . . 30 . 60 Destroy Structure 147 | . . . 3 23 121 Partial Spotted 30 | . . . 15 . 15 Lose Combat Pursuer 105 | . 60 . 30 . 15 Influence Decreases 1640 | . 306 20 653 292 369 Entered New Map 311 | . . 10 . 202 99 Time Decay 977 | . 244 10 493 80 150 Lost Part 140 | . . . 10 10 120 Purge Threat 212 | . 62 . 150 . . Squads Dispatched 7 | . 1 . 3 . 3 Investigation 2 | . 1 . 1 . . Extermination . | . . . . . . Reinforcement 5 | . . . 2 . 3 Assault . | . . . . . . Garrison . | . . . . . . Intercept . | . . . . . . Searches Triggered . | . . . . . . Construction Impeded 1 | . . . . . 1 Haulers Reinforced . | . . . . . . Active Scanning Responses . | . . . . . . Cargo Convoy Interrupts . | . . . . . . Stealth | -11 -10 -10 -9 -9 -8 --------- Run | Yrd Mat Min Mat Min Mat Distress Signals 11 | . 2 . 8 . 1 Communications Jammed . | . . . . . . Distress Signals . | . . . . . . Times Spotted 94 | . 20 . 45 5 24 Peak Tracking Total 7 | . 3 . 5 3 7 Tactical Retreats 6 | . 3 . 2 . 1 Traps | -11 -10 -10 -9 -9 -8 ------- Run | Yrd Mat Min Mat Min Mat Traps Triggered 4 | . 2 . 2 . . Indirectly . | . . . . . . Trap Hack Attempts . | . . . . . . Triggered . | . . . . . . Disarmed . | . . . . . . Reprogrammed . | . . . . . . Reused . | . . . . . . Traps Extracted . | . . . . . . Installed . | . . . . . . Triggered . | . . . . . . Machines | -11 -10 -10 -9 -9 -8 ---------- Run | Yrd Mat Min Mat Min Mat Machines Disabled 6 | . . . 2 . 4 Max in Single Turn 2 | . . . 1 . 2 Machines Repaired . | . . . . . . Machines Dismantled . | . . . . . . Machines Sabotaged . | . . . . . . Overloaded Fab Kills . | . . . . . . Hacking | -11 -10 -10 -9 -9 -8 --------- Run | Yrd Mat Min Mat Min Mat Machines Accessed 18 | . 7 . 10 . 1 Terminals 13 | . 6 . 7 . . Fabricators . | . . . . . . Repair Stations 3 | . 1 . 1 . 1 Recycling Units . | . . . . . . Scanalyzers 2 | . . . 2 . . Garrison Access . | . . . . . . Total Hacks 62 | . 23 . 35 . 4 Successful 45 | . 16 . 26 . 3 Failed 17 | . 7 . 9 . 1 Catastrophic 2 | . 1 . 1 . . Database Lockouts . | . . . . . . Manual 30 | . 15 . 15 . . Terminals 46 | . 21 . 25 . . Fabricators . | . . . . . . Repair Stations 10 | . 2 . 4 . 4 Recycling Units . | . . . . . . Scanalyzers 6 | . . . 6 . . Garrison Access . | . . . . . . Terminal Hacks 20 | . 9 . 11 . . Robot Analysis 4 | . 3 . 1 . . Prototype ID Bank 5 | . 1 . 4 . . Emergency Access Points 1 | . 1 . . . . Unreport Threat 3 | . 2 . 1 . . Locate Traps 1 | . 1 . . . . Transport Status 1 | . . . 1 . . Recall Investigation 1 | . . . 1 . . Hauler Manifests 3 | . 1 . 2 . . Zone Layout 1 | . . . 1 . . Fabricator Hacks . | . . . . . . Repair Station Hacks 9 | . 2 . 4 . 3 Scan Component 5 | . 1 . 2 . 2 Repair 4 | . 1 . 2 . 1 Recycling Unit Hacks . | . . . . . . Scanalyzer 5 | . . . 5 . . Insert Component 1 | . . . 1 . . Analyze 1 | . . . 1 . . Retrieve Study 3 | . . . 3 . . Garrison Access Hacks . | . . . . . . Unauthorized Hacks 11 | . 5 . 6 . . Terminals 11 | . 5 . 6 . . Botnet 11 | . 5 . 6 . . Fabricators . | . . . . . . Repair Stations . | . . . . . . Recycling Units . | . . . . . . Scanalyzers . | . . . . . . Garrison Access . | . . . . . . Data Cores Recovered . | . . . . . . Used . | . . . . . . Hacking Detections 16 | . 6 . 9 . 1 Full Trace Events 1 | . . . 1 . . Feedback Events . | . . . . . . Feedback Blocked . | . . . . . . Robot Schematics Acquired . | . . . . . . Robots Built . | . . . . . . Authchips . | . . . . . . Time . | . . . . . . Total Robot Build Rating . | . . . . . . Part Schematics Acquired 1 | . . . 1 . . Parts Built . | . . . . . . Authchips . | . . . . . . Time . | . . . . . . Total Part Build Rating . | . . . . . . Part Studies Acquired 3 | . . . 3 . . Parts Repaired 4 | . 1 . 2 . 1 Time 128 | . 26 . 58 . 44 Parts Recycled . | . . . . . . Recycled Matter . | . . . . . . Retrieved Matter . | . . . . . . Retrieved Components . | . . . . . . Parts Scanalyzed 1 | . . . 1 . . Part Schematics Acquired 1 | . . . 1 . . Parts Damaged . | . . . . . . Bothacking | -11 -10 -10 -9 -9 -8 ------------ Run | Yrd Mat Min Mat Min Mat Used RIF Installer . | . . . . . . Robots Hacked . | . . . . . . Non-combat . | . . . . . . Combat . | . . . . . . Robot Hacks Applied . | . . . . . . Relay Couplers Released . | . . . . . . Fabnet Peak Effective % . | . . . . . . Robots Rewired . | . . . . . . Allies Hacked . | . . . . . . Hacks Repelled . | . . . . . . Allies | -11 -10 -10 -9 -9 -8 -------- Run | Yrd Mat Min Mat Min Mat Total Allies . | . . . . . . Largest Group . | . . . . . . Highest-Rated Group . | . . . . . . Highest-Rated Ally . | . . . . . . Total Orders . | . . . . . . Ally Attacks . | . . . . . . Total Damage . | . . . . . . Kills . | . . . . . . Allies Corrupted . | . . . . . . Allies Melted . | . . . . . . Intel | -11 -10 -10 -9 -9 -8 ------- Run | Yrd Mat Min Mat Min Mat Active Infowar (turns) 1796 | . 705 448 522 . 121 Structural 1796 | . 705 448 522 . 121 Robot Analysis Total 4 | . 3 . 1 . . Derelict Logs Recovered 1 | . . 1 . . . Drone Launches . | . . . . . . Drone Recoveries . | . . . . . . Exploration | -11 -10 -10 -9 -9 -8 ------------- Run | Yrd Mat Min Mat Min Mat Turns Passed 3797 | . 798 448 2085 164 302 Spaces Moved 1953 | 1 419 273 985 89 186 Core 1 | . . . . . 1 Treads 1750 | . 378 273 985 89 25 Legs 43 | 1 41 . . . 1 Wheels . | . . . . . . Hover . | . . . . . . Flight 159 | . . . . . 159 Fastest Speed 29 | 120 120 160 160 160 29 Average Speed 148 | 120 156 160 160 160 51 Slowest Speed 450 | 120 160 160 160 160 450 Overloaded Moves . | . . . . . . Propulsion Burnouts . | . . . . . . Robots Hopped . | . . . . . . Potential Cave-ins . | . . . . . . Cave-ins Triggered . | . . . . . . Exploration Rate (%) 47 | 2 73 70 90 26 22 Regions Visited 5 Branch Regions 2 Pre-discovered Areas . | . . . . . . Known Exits Taken . | . . . . . . Unknown Exits Taken 5 | 1 1 1 1 1 . Scrap Searched 1 | . . . . 1 . Spaces Dug . | . . . . . . Terrain Destroyed 203 | . . . . 32 171 Melee . | . . . . . . Projectile . | . . . . . . AOE 203 | . . . . 32 171 Terrain Rammed . | . . . . . . Walls Destroyed . | . . . . . . Machines Disabled . | . . . . . . Actions | -11 -10 -10 -9 -9 -8 --------- Run | Yrd Mat Min Mat Min Mat Total 2504 | . 506 276 1305 98 319 Wait 262 | . 36 . 165 . 61 Move 1948 | . 418 272 984 88 186 Hop . | . . . . . . Pick Up 24 | . 6 . 16 . 2 Fast Attach 12 | . 3 . 4 . 5 Attach 15 | . 2 . 2 . 11 Detach 5 | . 2 . 1 . 2 Swap 21 | . 3 . 14 1 3 Drop 28 | . 5 . 19 . 4 Fire 172 | . 29 4 91 5 43 Melee 2 | . . . . . 2 Ram . | . . . . . . Kick . | . . . . . . Crush 15 | . 2 . 9 4 . Escape Stasis . | . . . . . . Rewire . | . . . . . . Trap . | . . . . . . Miscellaneous . | . . . . . . Route ------- -11/Scrapyard -10/Materials (discovered 4 exits: *Mat x2 / [*Min] / [Sub]) -10/Mines -9/Materials (discovered 3 exits: *Mat x2 / [*Min]) -9/Mines -8/Materials History --------- Turn | Location | Event 1 | -11/Scrapyard | Discovered new exit (range 0) 1 | -11/Scrapyard | Entered Materials 152 | -10/Materials | Discovered new exit (range 9) 207 | -10/Materials | Discovered new exit (range 3) 247 | -10/Materials | Repaired Lgt. Treads 306 | -10/Materials | Build established: Mutant 458 | -10/Materials | Discovered new exit (range 10) 698 | -10/Materials | Discovered new exit (range 10) 799 | -10/Materials | Entered Mines 952 | -10/Mines | Found a hidden stash of uninstalled traps 1035 | -10/Mines | Learned Materials garrison access intel 1229 | -10/Mines | Discovered new exit (range 12) 1247 | -10/Mines | Entered Materials 1247 | -9/Materials | Evolved 2 slots: Propulsion x1, Weapon x1 1694 | -9/Materials | Build established: Skirmisher 2024 | -9/Materials | Discovered new exit (range 15) 2238 | -9/Materials | Build established: Scavenger-Gunner 2250 | -9/Materials | Discovered new exit (range 8) 2725 | -9/Materials | Discovered new exit (range 3) 2868 | -9/Materials | Build established: Tank 3079 | -9/Materials | Repaired Imp. Ion Engine 3107 | -9/Materials | Repaired Flight Unit+ 3332 | -9/Materials | Entered Mines 3458 | -9/Mines | Assembled infested the area 3477 | -9/Mines | Discovered new exit (range 11) 3496 | -9/Mines | Entered Materials 3496 | -8/Materials | Evolved 2 slots: Propulsion x1, Utility x1 3497 | -8/Materials | Loaded intel: 1 garrison access location 3609 | -8/Materials | Lost 6 parts (1p3n2w) 3639 | -8/Materials | Destroyed 9 combat bots 3731 | -8/Materials | Repaired Broken Mni. Grenade Launcher 3798 | -8/Materials | Self-destructed Last Messages --------------- 03765_ The unstable cave ceiling collapses. 03766_ Acquired Flight Unit+. 03768_ The unstable cave ceiling collapses. 03771_ Acquired Imp. Signal Interpreter. 03772_ Fusion Modulator explodes. 03772_ Imp. Flight Unit destroyed. 03772_ Destroyed Imp. Flight Unit. 03772_ K-01 Serf destroyed. 03772_ Fusion Modulator explodes. 03774_ Acquired Cesium-ion Thruster. 03774_ K-01 Serf collects debris. 03784_ The unstable cave ceiling collapses. 03787_ K-01 Serf collects debris. 03788_ Hvy. Assault Rifle+ destroyed. 03790_ Destroyed Imp. Heat Sink. 03790_ A-02 Transporter destroyed. 03790_ K-01 Serf destroyed. 03791_ K-01 Serf collects debris. 03792_ G-47 Trooper destroyed. 03794_ K-01 Serf collects debris. Map ----- +----------------------------------------------------+ | # ## # ????????????????????????????????? | | ##+## ## # ????????????????????????????????? | | # ###########????????????????????????????????? | | # ######## ????????????????????????????????? | | # #####??????????????????????????????????????? | | # ##????????????#?????????????????????????? | | # ^ ##??????? ??? #?????????????????????????? | | # !!!##??????? """ #?""??????????????????????? | | # !!!##??????? """ #""""" ???????????????????? | | # !!!##??????? """ # """ ???????????????????? | | # ##??????? # ????????????????????? | | # ##???????#"";;;;;;##????????????????????? | | ######## ###?????##;;;;;;;; #????????????????????? | | ######## ###??#### k ; ##???????????????????? | | ######## ######## ; #???????????????????? | | ######## ## # ; #???????????????????? | | """ ## ## ; #????????????????????? | | "R" ## ## ; #????????????????????? | | " " ## ## #????#???????????????? | | ! # # #?## #####???????????? | | + # ;### #???????????? | | """" # + ;# #???????????? | | """" # ! # # ; ###?????????? | | """" ## ## "" g]]! ???????? | | ## ## """ [ ] ???????? | | ######## ## @ = #??????????? | | ######## ## # #???????????? | | ???##### ### # [ ]]!!]]##????? ##???????????? | | ???## = ]]!!]]##???????????????????? | | ???## [ # ########???????????????????? | | ???######### * ##?????????????????????????? | | ???############ ###?????????????????????????? | | ??????????????##########?????????????????????????? | | ???????????????########??????????????????????????? | | | | | | | | | | | | | | | | | | | | | | | | | | | | | | | | | +----------------------------------------------------+ Best States ------------- Heat Dissipation 38 Energy Generation 14 Energy Capacity 265 Matter Stores 300 Matter Capacity 300 Sight Range 16 Terrain Scan Density 10 Armor Coverage 150 Evasion (%) 64 Recoil Reduction 3 Defensive Hacking 10 Item Schematics ----------------- Mni. Grenade Launcher | -9/Materials | Scanalyzed Robot Schematics ------------------ None Fabricated ------------ Nothing Repaired ---------- Lgt. Treads | 69% | -10/Materials Imp. Ion Engine | 12% | -9/Materials Flight Unit | 75% | -9/Materials Mni. Grenade Launcher | 56% | -8/Materials | Broken Studied --------- Flight Unit | -9/Materials | Hacked Hvy. Assault Rifle | -9/Materials | Hacked Imp. Treads | -9/Materials | Hacked Alien Tech Used ----------------- None Achievements -------------- None Challenges ------------ None Game ------ Seed SmartbombRainbowTurretformer Manual? 0 Play Time 00:35:50 Cumulative 69.2 hours Start 2026.03.28 @ 18:53:57 End 2026.03.28 @ 19:28:36 Sessions 1 Manual Loads 0 Difficulty Rogue Special Mode None Game No. 65 Rogue 65 Adventurer 0 Explorer 0 Win Type - Total 2 Types 1/0/1/0/0/0/0/0/0/0 Lore% 50 Gallery% 39 Achievement% 37 Wizard Run 0 Options --------- Layout 2 ASCII 0 Keyboard 1 Movement Arrows Keybinds 0 Fullscreen 2 Font 24/Terminus Map View 50x44 Zoom Use 0% Tactical HUD 1 Map Filters NONE Filters NONE Steam 1 RUN: 3a6de312-6225-4d81-9314-b851d5f128c4